2824 views
Uploaded 2020-01-12 01:38:01
Game version 1.32.0.5
46:50 long 1on1 ladder game on (2)Amazonia
Saved by BEARAND
2824 views
Uploaded 2020-01-12 01:38:01
Game version 1.32.0.5
46:50 long 1on1 ladder game on (2)Amazonia

29 units @ 3.8k
/ 0.4k
147 buildings @ 7.8k
/ 4.3k



| Potion of Healing | 3 | 450 |
| Staff of Sanctuary | 3 | 750 |
| Potion of Mana | 2 | 400 |
| Lesser Clarity Potion | 1 | 70 |
| Scroll of Regeneration | 1 | 100 |
| Orb of Fire | 2 | 650 |
| Boots of Speed | 4 | 1000 |
| Staff of Teleportation | 3 | 450 |
| Periapt of Vitality | 1 | 325 |
| total: | 20 | 4195g |
| Peasant | 17 | 1275 | / | 0 |
| Priest | 1 | 135 | / | 10 |
| Sorceress | 1 | 155 | / | 20 |
| Dragonhawk Rider | 8 | 1600 | / | 240 |
| Gryphon Rider | 1 | 280 | / | 70 |
| Goblin Shredder | 1 | 375 | / | 100 |
| total: | 29 | 3820g | / | 440w |
| Scout Tower | 123 | 3690 | / | 2460 |
| Arcane Tower | 10 | 700 | / | 500 |
| Guard Tower | 96 | 6720 | / | 4800 |
| Altar of Kings | 1 | 180 | / | 50 |
| Farm | 9 | 720 | / | 180 |
| Lumber Mill | 2 | 240 | / | 0 |
| Arcane Vault | 2 | 260 | / | 60 |
| Town Hall | 5 | 1925 | / | 1025 |
| Blacksmith | 1 | 140 | / | 60 |
| Barracks | 1 | 160 | / | 60 |
| Arcane Sanctum | 2 | 300 | / | 280 |
| Gryphon Aviary | 1 | 140 | / | 150 |
| Keep | 1 | 320 | / | 210 |
| Castle | 2 | 720 | / | 420 |
| total: | 147 | 7755g | / | 4325w |
| 0:01 | Peasant |
| 0:07 | Altar of Kings |
| 0:15 | Peasant |
| 0:18 | Farm |
| 0:20 | Peasant |
| 0:24 | Farm |
| 0:26 | Scout Tower |
| 0:26 | Peasant |
| 0:55 | Peasant |
| 1:05 | Lumber Mill |
| 1:06 | Peasant |
| 1:18 | Peasant |
| 1:31 | Peasant |
| 1:34 | Scout Tower |
| 1:35 | Arcane Tower |
| 1:44 | Peasant |
| 1:46 | Peasant |
| 1:55 | Peasant |
| 2:01 | Scout Tower |
| 2:02 | Peasant |
| 2:17 | Blizzard |
| 2:37 | Peasant |
| 2:37 | Guard Tower |
| 2:38 | Guard Tower |
| 2:39 | Scout Tower |
| 2:49 | Peasant |
| 2:52 | Peasant |
| 3:18 | Guard Tower |
| 3:43 | Scout Tower |
| 3:43 | Scout Tower |
| 3:50 | Keep |
| 4:13 | Brilliance Aura |
| 4:18 | Guard Tower |
| 4:24 | Farm |
| 4:36 | Farm |
| 4:45 | Guard Tower |
| 4:48 | Scout Tower |
| 4:48 | Scout Tower |
| 4:49 | Scout Tower |
| 4:53 | Improved Masonry |
| 4:57 | Farm |
| 5:15 | Boots of Speed |
| 5:15 | Staff of Teleportation |
| 5:33 | Goblin Shredder |
| 5:43 | Arcane Vault |
| 5:58 | Guard Tower |
| 6:03 | Scout Tower |
| 6:03 | Scout Tower |
| 6:04 | Scout Tower |
| 6:05 | Scout Tower |
| 6:05 | Scout Tower |
| 6:06 | Scout Tower |
| 6:39 | Arcane Sanctum |
| 6:56 | Advanced Masonry |
| 6:58 | Guard Tower |
| 7:17 | Potion of Healing |
| 7:25 | Storm Bolt |
| 8:07 | Castle |
| 8:13 | Scout Tower |
| 8:14 | Scout Tower |
| 8:14 | Scout Tower |
| 8:15 | Scout Tower |
| 8:15 | Scout Tower |
| 8:22 | Farm |
| 8:24 | Blizzard |
| 8:46 | Magic Sentry |
| 8:47 | Priest |
| 9:06 | Scout Tower |
| 9:07 | Scout Tower |
| 9:07 | Scout Tower |
| 9:08 | Scout Tower |
| 9:08 | Scout Tower |
| 9:09 | Scout Tower |
| 9:09 | Scout Tower |
| 9:10 | Scout Tower |
| 9:10 | Scout Tower |
| 9:11 | Scout Tower |
| 9:41 | Guard Tower |
| 9:54 | Guard Tower |
| 10:07 | Guard Tower |
| 10:22 | Guard Tower |
| 10:24 | Scout Tower |
| 10:46 | Town Hall |
| 10:48 | Town Hall |
| 10:52 | Scout Tower |
| 10:52 | Scout Tower |
| 10:53 | Scout Tower |
| 10:54 | Scout Tower |
| 11:17 | Guard Tower |
| 11:24 | Scout Tower |
| 11:25 | Scout Tower |
| 11:56 | Guard Tower |
| 12:00 | Arcane Tower |
| 12:05 | Scout Tower |
| 12:09 | Scout Tower |
| 12:10 | Scout Tower |
| 13:03 | Holy Light |
| 13:05 | Staff of Sanctuary |
| 13:14 | Arcane Vault |
| 13:20 | Guard Tower |
| 13:25 | Scout Tower |
| 13:26 | Scout Tower |
| 13:39 | Guard Tower |
| 13:40 | Guard Tower |
| 14:24 | Imbued Masonry |
| 14:55 | Staff of Sanctuary |
| 15:11 | Town Hall |
| 15:32 | Scout Tower |
| 15:33 | Scout Tower |
| 16:07 | Potion of Mana |
| 16:11 | Potion of Mana |
| 16:49 | Guard Tower |
| 16:53 | Scout Tower |
| 16:53 | Scout Tower |
| 16:54 | Scout Tower |
| 16:55 | Scout Tower |
| 16:58 | Lesser Clarity Potion |
| 17:13 | Staff of Sanctuary |
| 17:19 | Scroll of Regeneration |
| 17:23 | Guard Tower |
| 17:30 | Orb of Fire |
| 17:34 | Guard Tower |
| 17:34 | Guard Tower |
| 18:13 | Guard Tower |
| 18:37 | Blacksmith |
| 19:15 | Potion of Healing |
| 19:41 | Potion of Healing |
| 19:44 | Boots of Speed |
| 19:44 | Staff of Teleportation |
| 23:00 | Bash |
| 23:27 | Town Hall |
| 23:37 | Town Hall |
| 25:30 | Scout Tower |
| 25:31 | Scout Tower |
| 25:31 | Scout Tower |
| 25:33 | Scout Tower |
| 25:34 | Scout Tower |
| 25:34 | Scout Tower |
| 25:35 | Scout Tower |
| 25:38 | Scout Tower |
| 25:40 | Scout Tower |
| 25:41 | Scout Tower |
| 25:42 | Scout Tower |
| 25:43 | Scout Tower |
| 25:59 | Scout Tower |
| 26:01 | Scout Tower |
| 26:07 | Guard Tower |
| 26:08 | Guard Tower |
| 26:09 | Guard Tower |
| 26:09 | Guard Tower |
| 26:23 | Lumber Mill |
| 26:57 | Guard Tower |
| 27:18 | Guard Tower |
| 27:21 | Staff of Teleportation |
| 27:21 | Boots of Speed |
| 27:33 | Boots of Speed |
| 27:44 | Guard Tower |
| 27:57 | Guard Tower |
| 29:33 | Arcane Sanctum |
| 29:37 | Scout Tower |
| 29:38 | Scout Tower |
| 29:38 | Scout Tower |
| 29:38 | Scout Tower |
| 29:56 | Peasant |
| 29:57 | Peasant |
| 30:48 | Sorceress |
| 30:48 | Sorceress Adept Training |
| 30:52 | Guard Tower |
| 30:53 | Guard Tower |
| 31:10 | Scout Tower |
| 31:10 | Scout Tower |
| 31:35 | Divine Shield |
| 31:59 | Guard Tower |
| 32:00 | Guard Tower |
| 32:34 | Guard Tower |
| 32:34 | Guard Tower |
| 32:38 | Scout Tower |
| 32:39 | Scout Tower |
| 32:40 | Scout Tower |
| 33:41 | Guard Tower |
| 33:52 | Scout Tower |
| 33:53 | Scout Tower |
| 33:54 | Scout Tower |
| 33:54 | Scout Tower |
| 34:25 | Guard Tower |
| 34:25 | Guard Tower |
| 34:27 | Scout Tower |
| 34:28 | Scout Tower |
| 34:29 | Scout Tower |
| 34:29 | Scout Tower |
| 35:58 | Brilliance Aura |
| 36:03 | Guard Tower |
| 36:05 | Scout Tower |
| 36:07 | Scout Tower |
| 36:07 | Scout Tower |
| 36:08 | Scout Tower |
| 36:08 | Scout Tower |
| 36:12 | Scout Tower |
| 36:13 | Scout Tower |
| 36:13 | Scout Tower |
| 36:22 | Gryphon Aviary |
| 36:26 | Barracks |
| 36:43 | Guard Tower |
| 36:44 | Arcane Tower |
| 36:49 | Guard Tower |
| 36:53 | Orb of Fire |
| 37:06 | Guard Tower |
| 37:08 | Guard Tower |
| 37:08 | Guard Tower |
| 37:22 | Scout Tower |
| 37:23 | Scout Tower |
| 37:23 | Scout Tower |
| 37:24 | Scout Tower |
| 37:25 | Scout Tower |
| 37:26 | Scout Tower |
| 37:26 | Scout Tower |
| 38:12 | Arcane Tower |
| 38:13 | Guard Tower |
| 38:19 | Scout Tower |
| 38:20 | Scout Tower |
| 38:21 | Scout Tower |
| 38:22 | Scout Tower |
| 38:22 | Scout Tower |
| 38:28 | Scout Tower |
| 38:28 | Scout Tower |
| 38:29 | Scout Tower |
| 38:31 | Guard Tower |
| 38:56 | Scout Tower |
| 39:01 | Scout Tower |
| 39:02 | Scout Tower |
| 39:03 | Scout Tower |
| 39:04 | Scout Tower |
| 39:05 | Scout Tower |
| 39:05 | Scout Tower |
| 39:10 | Guard Tower |
| 39:10 | Guard Tower |
| 39:11 | Guard Tower |
| 39:15 | Scout Tower |
| 39:15 | Scout Tower |
| 39:20 | Animal War Training |
| 39:22 | Studded Leather Armor |
| 39:28 | Farm |
| 39:31 | Farm |
| 39:33 | Farm |
| 39:44 | Guard Tower |
| 40:06 | Guard Tower |
| 40:07 | Guard Tower |
| 40:17 | Guard Tower |
| 40:18 | Guard Tower |
| 40:28 | Guard Tower |
| 40:28 | Guard Tower |
| 40:29 | Arcane Tower |
| 40:37 | Guard Tower |
| 40:41 | Scout Tower |
| 40:42 | Scout Tower |
| 40:42 | Scout Tower |
| 40:43 | Scout Tower |
| 40:43 | Scout Tower |
| 40:44 | Scout Tower |
| 40:45 | Scout Tower |
| 40:45 | Scout Tower |
| 40:55 | Storm Hammers |
| 40:56 | Cloud |
| 41:03 | Guard Tower |
| 41:06 | Scout Tower |
| 41:07 | Scout Tower |
| 41:08 | Scout Tower |
| 41:08 | Scout Tower |
| 41:45 | Guard Tower |
| 41:45 | Guard Tower |
| 41:46 | Guard Tower |
| 41:46 | Guard Tower |
| 41:51 | Guard Tower |
| 42:39 | Guard Tower |
| 42:40 | Guard Tower |
| 42:45 | Periapt of Vitality |
| 42:55 | Arcane Tower |
| 42:55 | Guard Tower |
| 42:57 | Guard Tower |
| 43:12 | Arcane Tower |
| 43:28 | Dragonhawk Rider |
| 43:29 | Dragonhawk Rider |
| 43:30 | Dragonhawk Rider |
| 43:30 | Dragonhawk Rider |
| 43:30 | Dragonhawk Rider |
| 43:33 | Reinforced Leather Armor |
| 43:52 | Dragonhawk Rider |
| 43:59 | Guard Tower |
| 44:05 | Guard Tower |
| 44:26 | Guard Tower |
| 44:41 | Dragonhawk Rider |
| 44:53 | Dragonhide Armor |
| 45:59 | Iron Forged Swords |
| 46:15 | Dragonhawk Rider |
| 46:17 | Gryphon Rider |
| Right click | 4463 |
| Select | 1302 |
| Select group | 503 |
| Build/train/purchase | 294 |
| Use ability | 183 |
| Misc. action | 78 |
| Assign group | 27 |
| Chat | 13 |
| Item give/drop | 9 |
| Remove unit | 4 |
44 units @ 8k
/ 1.8k
15 buildings @ 2.3k
/ 0.9k



| Rod of Necromancy | 1 | 150 |
| Orb of Corruption | 1 | 375 |
| Potion of Healing | 1 | 150 |
| Scroll of Healing | 1 | 250 |
| total: | 4 | 925g |
| Acolyte | 9 | 675 | / | 0 |
| Ghoul | 2 | 240 | / | 0 |
| Crypt Fiend | 12 | 2580 | / | 480 |
| Obsidian Statue | 7 | 1400 | / | 245 |
| Meat Wagon | 6 | 1380 | / | 300 |
| Goblin Sapper | 8 | 1720 | / | 800 |
| total: | 44 | 7995g | / | 1825w |
| Nerubian Tower | 1 | 100 | / | 20 |
| Ziggurat | 8 | 1200 | / | 400 |
| Altar of Darkness | 1 | 180 | / | 50 |
| Crypt | 1 | 200 | / | 50 |
| Tomb of Relics | 1 | 130 | / | 30 |
| Graveyard | 1 | 215 | / | 0 |
| Slaughterhouse | 2 | 280 | / | 270 |
| Sacrificial Pit | 1 | 75 | / | 150 |
| Halls of the Dead | 1 | 320 | / | 210 |
| Black Citadel | 1 | 325 | / | 230 |
| total: | 15 | 2280g | / | 950w |
| 0:02 | Acolyte |
| 0:02 | Acolyte |
| 0:06 | Ziggurat |
| 0:08 | Altar of Darkness |
| 0:35 | Crypt |
| 0:50 | Tomb of Relics |
| 1:35 | Graveyard |
| 1:37 | Ghoul |
| 1:37 | Ghoul |
| 1:50 | Ziggurat |
| 2:08 | Death Coil |
| 2:10 | Rod of Necromancy |
| 3:00 | Crypt Fiend |
| 3:00 | Crypt Fiend |
| 3:45 | Unholy Aura |
| 3:50 | Crypt Fiend |
| 4:04 | Halls of the Dead |
| 4:15 | Ziggurat |
| 5:31 | Crypt Fiend |
| 5:31 | Crypt Fiend |
| 5:48 | Nerubian Tower |
| 6:21 | Death Coil |
| 6:27 | Slaughterhouse |
| 6:28 | Slaughterhouse |
| 6:39 | Creature Attack |
| 6:48 | Burrow |
| 7:33 | Obsidian Statue |
| 7:51 | Frost Nova |
| 8:07 | Crypt Fiend |
| 8:18 | Ziggurat |
| 8:42 | Black Citadel |
| 8:59 | Ziggurat |
| 9:38 | Dark Ritual |
| 9:43 | Obsidian Statue |
| 10:20 | Creature Carapace |
| 10:47 | Unholy Aura |
| 11:13 | Meat Wagon |
| 11:13 | Meat Wagon |
| 11:34 | Improved Creature Carapace |
| 13:02 | Crypt Fiend |
| 13:02 | Crypt Fiend |
| 13:05 | Obsidian Statue |
| 14:07 | Disease Cloud |
| 14:15 | Advanced Creature Carapace |
| 14:16 | Improved Creature Attack |
| 16:35 | Frost Nova |
| 17:03 | Crypt Fiend |
| 17:04 | Meat Wagon |
| 17:18 | Silence |
| 17:32 | Ziggurat |
| 18:41 | Unholy Strength |
| 19:48 | Unholy Armor |
| 19:49 | Crypt Fiend |
| 19:49 | Crypt Fiend |
| 20:14 | Crypt Fiend |
| 20:15 | Obsidian Statue |
| 20:15 | Obsidian Statue |
| 21:05 | Destroyer Form |
| 22:31 | Orb of Corruption |
| 22:31 | Scroll of Healing |
| 22:32 | Potion of Healing |
| 22:38 | Meat Wagon |
| 23:09 | Black Arrow |
| 24:57 | Obsidian Statue |
| 24:57 | Obsidian Statue |
| 25:53 | Meat Wagon |
| 26:27 | Goblin Sapper |
| 26:28 | Goblin Sapper |
| 26:28 | Goblin Sapper |
| 26:28 | Goblin Sapper |
| 27:23 | Acolyte |
| 27:23 | Acolyte |
| 27:23 | Acolyte |
| 27:24 | Acolyte |
| 27:59 | Goblin Sapper |
| 28:00 | Goblin Sapper |
| 28:00 | Goblin Sapper |
| 28:00 | Goblin Sapper |
| 28:55 | Meat Wagon |
| 29:45 | Improved Unholy Strength |
| 32:23 | Dark Ritual |
| 32:44 | Silence |
| 33:26 | Death Coil |
| 33:49 | Sacrificial Pit |
| 36:29 | Acolyte |
| 38:16 | Ziggurat |
| 38:18 | Ziggurat |
| 38:56 | Acolyte |
| 39:01 | Acolyte |
| 40:18 | Advanced Creature Attack |
| 40:19 | Improved Unholy Armor |
| 40:20 | Advanced Unholy Strength |
| 41:58 | Web |
| Right click | 3542 |
| Select group | 1797 |
| Select | 715 |
| Build/train/purchase | 173 |
| Use ability | 91 |
| Misc. action | 53 |
| Assign group | 37 |
| Item give/drop | 7 |
| Esc | 4 |